 Dungeon Crawl Stone Soup version 0.29-a0-321-gf1c400731a (webtiles) character file.

Game seed: 12868953570632375573

58 sizableburger the Skirmisher (level 3, -4/23 HPs)
             Began as a Deep Elf Fighter on Apr 3, 2022.
             Shot with an arrow by a centaur (5 damage)
             ... on level 3 of the Dungeon.
             The game lasted 00:02:26 (2183 turns).

sizableburger the Skirmisher (Deep Elf Fighter)     Turns: 2183, Time: 00:02:26

Health: -4/23      AC:  7    Str: 15    XL:     3   Next: 75%
Magic:  5/5        EV:  9    Int: 12    God:
Gold:   178        SH:  9    Dex: 14    Spells: 2/2 levels left

rFire   . . .      SeeInvis .   a - +0 war axe
rCold   . . .      Faith    .   c - +0 buckler
rNeg    . . .      Spirit   .   b - +0 scale mail
rPois   +          Reflect  +   h - +0 helmet
rElec   .          Harm     .   (no cloak)
rCorr   .          Rampage  .   (no gloves)
Will    .....                   (no boots)
Stlth   ..........              f - amulet of reflection
HPRegen 0.07/turn               u - ring of poison resistance
MPRegen 0.09/turn               (no ring)

@: no status effects
A: no striking features
a: no special abilities


You were on level 3 of the Dungeon.
You visited 1 branch of the dungeon, and saw 3 of its levels.

You collected 178 gold pieces.

Inventory:

Hand Weapons
 a - a +0 war axe (weapon)
Missiles
 g - 8 poisoned darts (quivered)
Armour
 b - a +0 scale mail (worn)
 c - a +0 buckler (worn)
 h - a +0 helmet (worn)
Jewellery
 f - an amulet of reflection (around neck)
 u - a ring of poison resistance (left hand)
Wands
 r - a wand of polymorph (3)
Scrolls
 e - a scroll of noise {unknown}
 j - 2 scrolls of amnesia {unknown}
 o - 5 scrolls of vulnerability {unknown}
 p - 2 scrolls of blinking {unknown}
 q - 2 scrolls of fog {unknown}
Potions
 d - a potion of might
 i - a potion of attraction {unknown}
 k - a potion of flight {unknown}
 l - a potion of resistance {unknown}
 m - a potion of lignification {unknown}
 n - a potion of invisibility {unknown}
 s - a potion of brilliance {unknown}
 t - 2 potions of curing {unknown}


   Skills:
 - Level 3.1 Fighting
 + Level 2.6 Axes
 - Level 2.4 Armour
 + Level 0.8 Dodging
 - Level 2.4 Shields


You had 2 spell levels left.
You didn't know any spells.
Your spell library contained the following spells:

 Spells                   Type           Power      Damage    Failure   Level
 Sting                    Tmut/Pois      0%         1d3       86%         1
 Poisonous Vapours        Pois/Air       0%         N/A       95%         2
 Confusing Touch          Hex            0%         N/A       99%         3
 Olgreb's Toxic Radiance  Pois           0%         N/A       100%        4
 Yara's Violent Unravell  Hex/Tmut       0%         3d3       100%        5
 Enfeeble                 Hex            0%         N/A       100%        7


Dungeon Overview and Level Annotations

Branches:
Dungeon (3/15)

Altars:

Portals:
Abyss: D:3

Annotations:
D:3 2 transporters, Psyclone's ghost, amateur OpIE


Message History

No target in view!
No target in view!
No target in view!
You see here a rat corpse.
You now have 178 gold pieces (gained 9).
Done exploring.
Done exploring.
Done exploring.
You see here a rat corpse.
There is a stone staircase leading down here.
You climb downwards.
There is a stone staircase leading up here.
s - a ruby potion
Things that are here:
a +0 club; a goblin skeleton
t - 2 coppery potions
Found a transporter.
The iron imp shouts!
u - a ring of poison resistance
Okay, then.
u - a ring of poison resistance (left hand) Psyclone's ghost wails, "You will never get the ORB!"
Psyclone's ghost whispers, "They're coming for you..."
Psyclone's ghost says, "An ice sculpture of you would look very nice here."
Found a transporter.
g - 8 poisoned darts (gained 5)
Found a one-way gate to the infinite horrors of the Abyss.
p - 2 scrolls labelled ARCHA OTZUIS (gained 1)
Found a stone staircase leading down.
Found a ring mail.
A centaur comes into view.
The centaur shouts!
The centaur wields a +0 shortbow.
The centaur shoots an arrow.
The arrow hits you!
You are too injured to fight recklessly!
The centaur shoots an arrow.
The arrow hits you!
Ouch! That really hurt!
* * * LOW HITPOINT WARNING * * *
Found 12 gold pieces.
The centaur shoots an arrow.
The arrow hits you.
You die...

#.##.# #.##.#####
##........#
.............#.#
.......###.....#
######. #.###.# #.
#.# #.# #.
##.###.#######..
...........@.c.....
#.###.###########.$


You could see a centaur.

Vanquished Creatures
  A worm (D:2)
  3 dart slugs
  3 ball pythons (D:1)
  5 endoplasms
  3 giant cockroaches
  4 goblins
  6 hobgoblins
  3 jackals (D:2)
  2 quokkas
  3 bats
  2 frilled lizards
  5 kobolds
  4 rats
44 creatures vanquished.

Notes
Turn   | Place    | Note
-------+----------+-------------------------------------------
     0 | D:1      | sizableburger the Deep Elf Fighter began the quest for the
                  | Orb.
     0 | D:1      | Reached XP level 1. HP: 13/13 MP: 3/3
   387 | D:1      | Reached XP level 2. HP: 18/18 MP: 4/4
   854 | D:1      | Reached skill level 3 in Fighting
  1062 | D:2      | You fall into a shaft and drop 1 floor!
  1078 | D:3      | Reached XP level 3. HP: 14/23 MP: 5/5
  2096 | D:3      | Found a transporter.
  2101 | D:3      | Noticed Psyclone's ghost (amateur OpIE)
  2105 | D:3      | Found a transporter.
  2110 | D:3      | Found a one-way gate to the infinite horrors of the Abyss.
  2181 | D:3      | Noticed a centaur
  2182 | D:3      | HP: 1/23 [centaur/arrow (13)]
  2183 | D:3      | Shot with an arrow by a centaur

Illustrated notes

Levels and vault maps discovered:
D:1:      saegor_arrival_simple_b, layout_rooms, minmay_pentomino_p2
D:2:      layout_loops_ring, kennysheep_nub
D:3:      layout_basic, minitemple, okawaru_trees_2,
          gammafunk_ghost_abyssal_escape

Skill      XL: |  1  2 |
---------------+-------+-----
Axes           | 2 |  2.6
Fighting       | 3 |  3.1
Armour         | |  2.4
Dodging        | |  0.8
Shields        | |  2.4

Action                   || total
-------------------------++-------
Melee: War axe           ||   109
Throw: Dart              ||     2
Armor: Scale mail        ||    40
Dodge: Dodged            ||    34
Block: Buckler           ||    69
       Reflection        ||     3

Table legend: (Time is in decaauts)
 A = Elapsed time spent in this place.
 B = Non-inter-level travel time spent in this place.
 C = Inter-level travel time spent in this place.
 D = Time resting spent in this place.
 E = Time spent auto-exploring this place.
 F = Levels seen in this place.
 G = Mean time per level.
                   A        B        C        D        E       F      G
               +--------+--------+--------+--------+--------+-----+--------+
         Total |   2230 |   2139 |     91 |    624 |   1178 |   3 |  743.3 |
       Dungeon |   2230 |   2139 |     91 |    624 |   1178 |   3 |  743.3 |
               +--------+--------+--------+--------+--------+-----+--------+

Top non-repeatable levels by time:
     D:1: 1082 daAuts
     D:2: 906 daAuts
     D:3: 241 daAuts
